AoeStats
← Fenix

Lombardia

510194171Analyzed
2v2 RM · 3d ago on Sep 29, 2026· 14m 45s· 4 players
Game mode
Random Map
Map size
Medium (4 player)
Population
200
Speed
Normal
Resources
Standard
Victory
Conquest
Starting age
Dark Age
Ending age
Imperial Age
RankedLock teamsTeams togetherTeam positionsShared explorationLock speedFull tech treeHidden civsTurbo modeCheats
Victory
Defeat
🇵🇪 Mongols · Peru
1334
+12
🇵🇪 Goths · Peru
1327
+12
🇮🇹 Turks · Italy
1243
-12
🇵🇪 Mongols · Peru
1236
-12
pietro91
10:50 Feudal Age
12:16 Double-Bit Axe
15:37 Castle Age
14:29 Stone Mining
14:24 Horse Collar
Shushupe.........xD
5:14 Loom
11:53 Feudal Age
Fenix
1:50 Loom
10:09 Feudal Age
10:14 Man-at-Arms
12:24 Double-Bit Axe
12:20 Horse Collar
Anakin
5:44 Loom
8:41 Feudal Age
10:52 Double-Bit Axe
Connection lost

Rejoining the realm…

Still unreachable

The connection could not be restored.

Session expired

The server has moved on; the page needs a fresh start.